 Dungeon Crawl Stone Soup version 0.25-a0-661-g55ea3d2053 (webtiles) character file.

Game seed: 5122587591717254807, levelgen mode: deterministic

25 An17 the Conjurer (level 2, 20/20 HPs)
             Began as a Demigod Conjurer on Mar 23, 2020.
             Got out of the dungeon alive.
             The game lasted 00:02:19 (626 turns).

An17 the Conjurer (Demigod Conjurer)                 Turns: 626, Time: 00:02:20

Health: 20/20      AC:  2    Str: 11    XL:     2   Next: 63%
Magic:  7/7        EV: 12    Int: 19    God:
Gold:   76         SH:  0    Dex: 16    Spells: 1/4 levels left

rFire    . . .     SeeInvis .   b - +0 hand axe
rCold    . . .     Gourm    .   (no shield)
rNeg     . . .     Faith    .   a - +0 robe
rPois    .         Spirit   .   (no helmet)
rElec    .         Reflect  .   (no cloak)
rCorr    .         Harm     .   (no gloves)
MR       .....                  (no boots)
Stlth    ++........             (no amulet)
HPRegen  0.06/turn              (no ring)
MPRegen  0.10/turn              (no ring)

@: no status effects
A: high mp 1
a: no special abilities


You escaped.
You were not hungry.

You visited 1 branch of the dungeon, and saw 1 of its levels.

You collected 76 gold pieces.

Inventory:

Hand Weapons
 b - a +0 hand axe (weapon)
Missiles
 f - 2 curare-tipped darts (quivered)
Armour
 a - a +0 robe (worn)
Scrolls
 d - a scroll of amnesia
 g - a scroll of blinking {unknown}
Potions
 e - a potion of haste {unknown}
Comestibles
 c - 3 rations


   Skills:
 - Level 0.1 Axes
 + Level 1.9 Dodging
 - Level 1.8 Stealth
 + Level 1.8 Spellcasting
 + Level 4.3 Conjurations


You had one spell level left.
You knew the following spells:

 Your Spells              Type           Power        Failure   Level  Hunger
a - Magic Dart            Conj           ###.         3%          1    #......
b - Searing Ray           Conj           ###...       4%          2    ###....

Your spell library contained the following spells:

 Spells                   Type           Power        Failure   Level  Hunger
 Dazzling Flash           Conj/Hex       #.....       22%         3    ###....
 Fulminant Prism          Conj/Hex       #.........   56%         4    #####..
 Iskenderun's Mystic Bla  Conj/Tloc      #.......     56%         4    #####..


Dungeon Overview and Level Annotations

Branches:
Dungeon (1/15)


Innate Abilities, Weirdness & Mutations

You have an increased reservoir of magic. (+10% MP)


Message History

Casting: Magic Dart (safe; 3% risk of failure)
Confirm with . or Enter, or press ? or * to list all spells.
Aiming: Magic Dart (safe; 3% risk of failure)
Press: ? - help, Shift-Dir - straight line, f - rat
Aim: a rat The magic dart hits the rat but does no damage.
Casting: Magic Dart (safe; 3% risk of failure)
Confirm with . or Enter, or press ? or * to list all spells.
Aiming: Magic Dart (safe; 3% risk of failure)
Press: ? - help, Shift-Dir - straight line, f/p - rat
Aim: a rat The magic dart hits the rat.
You kill the rat!
g - a scroll labeled QULEMODOAG You see here a rat corpse.
You now have 76 gold pieces (gained 7).
Done exploring.
There is a staircase leading out of the dungeon here.
Are you sure you want to leave the Dungeon?
This will make you lose the game!
You have escaped!

#.# #.###..########## #.#
#...............# #.#
###.####.########.# #.#
#............# #.# #.#
#..#.....##..# #.#
#.#####.######.##..# #.#####
#.##.....8.....8...# #......
#.##.##..#.....#...## #####..
#.##.##..#..@..#....#######.#
#.##.....#.....#.............
#.###....8.....8....######.##
#.# #.#.##.######..###.###.##
###.###.#..#.....#.............
#.......#...........####.######
#.#.########..####### #.##....
#.#.# ##.# #.##.###
#.#.#########.###### ###.##.#


There were no monsters in sight!

Vanquished Creatures
  A dart slug (D:1)
  2 giant cockroaches (D:1)
  3 hobgoblins (D:1)
  4 jackals (D:1)
  2 ball pythons (D:1)
  2 bats (D:1)
  2 frilled lizards (D:1)
  2 kobolds (D:1)
  4 rats (D:1)
22 creatures vanquished.

Notes
Turn   | Place    | Note
-------+----------+-------------------------------------------
     0 | D:1      | An17 the Demigod Conjurer began the quest for the Orb.
     0 | D:1      | Reached XP level 1. HP: 14/14 MP: 5/5
    66 | D:1      | Reached skill level 4 in Conjurations
   160 | D:1      | Reached XP level 2. HP: 13/20 MP: 2/7
   164 | D:1      | Learned a level 2 spell: Searing Ray
   626 | D:$      | Got out of the dungeon alive.

Levels and vault maps discovered:
D:1:      scummos_arrival_simple_crosswalls, layout_loops_ring

Skill      XL: |  1 |
---------------+----+-----
Conjurations   | 4 |  4.3
Axes           | |  0.1
Dodging        | |  1.9
Stealth        | |  1.8
Spellcasting   | |  1.8

Action                   || total
-------------------------++-------
Melee: Hand axe          ||    36
 Cast: Magic Dart        ||    26
       Searing Ray       ||     2
  Use: Scroll            ||     1
 Stab: Sleeping          ||     2
Armor: Robe              ||    15
Dodge: Dodged            ||    33

Table legend:
 A = Non-vault XP
 B = Vault XP
 C = Vault XP percentage of total XP
 D = Non-vault monster count
 E = Vault monster count
 F = Vault count percentage of total count
                 A         B        C        D         E       F
            +---------+---------+-------+---------+---------+-------
      Total |      36 |       0 |   0.0 |      22 |       0 |   0.0
            +---------+---------+-------+---------+---------+-------
        D:1 |      36 |       0 |   0.0 |      22 |       0 |   0.0
            +---------+---------+-------+---------+---------+-------
